 Zot Defence DCSS version 0.15.2 (webtiles) character file.

635 blackwizard the Caller (level 7, 0/63 HPs)
             Began as a Troll Summoner on May 26, 2017.
             Slain by a green rat (2 damage)
             ... in the Realm of Zot (Scenario V: Glassed Sandwich).
             The game lasted 00:07:14 (1031 turns).

blackwizard the Caller (Troll Summoner)             Turns: 1031, Time: 00:07:15

HP   0/63        AC  5     Str 19      XL: 7   Next: 25%
MP   4/6         EV 10     Int 11      God:
Gold 0           SH  0     Dex 10      Spells:  1 memorised,  8 levels left

rFire  . . .     SeeInvis .     k - -1 club (curse)
rCold  . . .     Clarity  .     a - +0 robe
rNeg   . . .     rCorr    .     (shield restricted)
rPois  .         rRot     .     (helmet restricted)
rElec  .         Spirit   .     (no cloak)
SustAb .         Warding  .     (gloves unavailable)
rMut   .         Stasis   .     (boots unavailable)
Gourm  +                        (no amulet)
MR     .....                    (no ring)
                                (no ring)

@: not resistant to hostile enchantments, very unstealthy
A: unfitting armour, claws 3, fast metabolism 3, gourmand, regeneration 2,
saprovore 2, shaggy fur 1, tough skin 2
a: Make oklob sapling, Make arrow trap, Make plant, Remove Curse, Make burning
bush, Make altar, Make grenades, Make oklob plant


You were in the Realm of Zot.
You were not hungry.

You visited 1 branch

Inventory:

Hand weapons
 j - a +0 shortbow
 k - a cursed -1 club (weapon)
 m - a +0 flail
Missiles
 l - 5 arrows
Armour
 a - a +0 robe (worn)
Comestibles
 d - 2 meat rations
Scrolls
 i - a scroll of blinking
Potions
 c - 3 potions of curing
 e - a potion of heal wounds
 f - a potion of haste
 g - 2 potions of magic
 h - a potion of berserk rage
Books
 b - a book of Callings

   Spells                             Type                      Level
   *Summon Small Mammal               Summoning                    1
   Call Imp                           Summoning                    2
   Call Canine Familiar               Summoning                    3
   Summon Guardian Golem              Hexes/Summoning              4
   Summon Lightning Spire             Summoning/Air                4
   Summon Ice Beast                   Ice/Summoning                4


   Skills:
 + Level 1.7 Fighting
 + Level 1.5 Maces & Flails
 + Level 0.5 Bows
 + Level 3.7 Dodging
 - Level 1.1 Stealth
 + Level 1.9 Unarmed Combat
 + Level 1.6 Spellcasting
 + Level 4.8 Summonings


You had 8 spell levels left.
You knew the following spells:

 Your Spells              Type           Power        Failure   Level  Hunger
a - Summon Small Mammal   Summ           ##..         4%          1    ##.....


Dungeon Overview and Level Annotations

Branches:
    Zot (1/1)

Altars:

Annotations:
Zot Sigmund


Innate Abilities, Weirdness & Mutations

You are too large for most types of armour.
You have claws for hands.
Your metabolism is lightning-fast.
You like to eat raw meat.
You heal very quickly.
You can eat rotten meat.
You are covered in fur (AC +1).
You have very tough skin (AC +2).


Message History

Unknown command.
You hit the green rat but do no damage.
The green rat is heavily wounded.
The bat barely misses you. The bat hits you but does no damage.
The green rat bites you!
* * * LOW HITPOINT WARNING * * *
The kobold hits you with a club.
* * * LOW HITPOINT WARNING * * *
You barely miss the green rat.
The green rat is heavily wounded.
The bat closely misses you.
The hobgoblin hits you but does no damage.
The bat hits you.
* * * LOW HITPOINT WARNING * * *
The kobold hits you with a club.
* * * LOW HITPOINT WARNING * * *
You hit the green rat but do no damage.
The green rat is heavily wounded.
The bat misses you. The green rat bites you.
You die...

▓▓▓▓▓▓...........▓▓▓▓▓▓▓▓▓▓▓▓▓▓▓▓
.....▓▓.........▓▓...............
......▓▓.......▓▓................
.......▓▓.....▓▓.................
........▓▓...▓▓..................
.........▓▓.▓▓...................
.................................
▓▓▓▓▓▓▓▓▓▓▓▓▓▓▓▓▓▓▓▓▓▓▓▓▓▓▓▓▓▓▓▓▓
...).%)%ZKlg)rrg@bK.((...........
..........ggCghgrK...............
...........bgg...................
.................................
.................................
.................................
▓▓▓▓▓▓▓..........▓▓▓▓▓▓▓▓▓▓▓▓▓▓▓▓
.................................
.................................


You could see Otefeaw the hill giant, a gnoll shaman, a hound, 3 green rats, a
worker ant zombie, a giant gecko, 6 hobgoblins, a goblin, a bat, Taezaeh the bat
and 3 kobolds.

Vanquished Creatures
  A centaur (Zot)
  A hound (Zot)
  An orc wizard (Zot)
  3 adders (Zot)
  2 giant mites (Zot)
  2 worms (Zot)
  An ooze (Zot)
  4 orcs (Zot)
  5 bats (Zot)
  2 giant cockroaches (Zot)
  2 hobgoblins (Zot)
  A jackal (Zot)
  4 ball pythons (Zot)
  4 giant newts (Zot)
  A giant spore (Zot)
  10 goblins (Zot)
  13 kobolds (Zot)
  5 rats (Zot)
62 creatures vanquished.

Vanquished Creatures (collateral kills)
  A gnoll shaman (Zot)
  3 orcs (Zot)
  A goblin (Zot)
  A hobgoblin (Zot)
  A kobold (Zot)
7 creatures vanquished.

Vanquished Creatures (others)
  An iguana (Zot)
  A worker ant zombie (Zot)
  An ooze (Zot)
  4 bats (Zot)
  A goblin (Zot)
  4 quokkas (Zot)
  4 rats (Zot)
16 creatures vanquished.

Grand Total: 85 creatures vanquished

Notes
Turn   | Place    | Note
--------------------------------------------------------------
     0 | Zot      | blackwizard, the Troll Summoner, began the quest for the Orb.
     0 | Zot      | Reached XP level 1. HP: 16/16 MP: 2/2
   215 | Zot      | Reached skill level 3 in Summonings
   232 | Zot      | Reached XP level 2. HP: 24/24 MP: 2/2
   254 | Zot      | Noticed Goeffe
   305 | Zot      | Killed Goeffe the centaur
   305 | Zot      | Reached skill level 1 in Unarmed Combat
   305 | Zot      | Reached skill level 4 in Summonings
   305 | Zot      | Reached XP level 3. HP: 24/32 MP: 3/3
   305 | Zot      | Reached XP level 4. HP: 30/40 MP: 4/4
   305 | Zot      | Reached XP level 5. HP: 34/46 MP: 4/4
   474 | Zot      | Reached XP level 6. HP: 54/54 MP: 5/5
   525 | Zot      | Noticed Sigmund
   823 | Zot      | Reached skill level 1 in Fighting
   872 | Zot      | Noticed Otefeaw
   878 | Zot      | Reached skill level 1 in Maces & Flails
   878 | Zot      | Reached XP level 7. HP: 62/62 MP: 6/6
  1030 | Zot      | HP: 2/63 [kobold/club (3)]
  1031 | Zot      | Slain by a green rat

Action                   |  1- 3 |  4- 6 |  7- 9 || total
-------------------------+-------+-------+-------++-------
Melee: Unarmed           |    53 |     7 |       ||    60
       Shortbow          |       |    42 |       ||    42
       Club              |       |   305 |   126 ||   431
 Fire: Shortbow          |       |    30 |       ||    30
 Cast: Summon Small Mamm |     1 |     6 |     8 ||    15
